 Dungeon Crawl Stone Soup version 0.26-a0-639-g72c4674329 (webtiles) character file.

Game seed: 12877478011310857313

253 Gargoyl the Skirmisher (level 6, 0/53 HPs)
             Began as a Gnoll Abyssal Knight on Sept 15, 2020.
             Was a Believer of Lugonu.
             Slain by an ogre
             ... wielding a +0 giant club
              (13 damage)
             ... on level 4 of the Dungeon.
             The game lasted 00:03:43 (3476 turns).

Gargoyl the Skirmisher (Gnoll Abyssal Knight)       Turns: 3476, Time: 00:03:43

Health: 0/53       AC: 12    Str: 16    XL:     6   Next: 14%
Magic:  9/9        EV:  5    Int: 15    God:    Lugonu [**....]
Gold:   204        SH:  5    Dex: 14    Spells: 8/8 levels left

rFire    . . .     SeeInvis .   a - +1 hand axe
rCold    . . .     Faith    .   e - +1 buckler
rNeg     . . .     Spirit   .   c - +0 plate armour
rPois    .         Reflect  .   (no helmet)
rElec    .         Harm     .   (no cloak)
rCorr    .         Rampage  .   (no gloves)
MR       ++...                  (no boots)
Stlth    ..........             (no amulet)
HPRegen  0.17/turn              l - ring of protection from magic
MPRegen  0.11/turn              h - ring of protection from magic

@: no status effects
A: distributed training, fangs 1, strong nose
a: Depart the Abyss, Bend Space, Renounce Religion


You were on level 4 of the Dungeon.
You worshipped Lugonu.
Lugonu was pleased with you.
You visited 1 branch of the dungeon, and saw 4 of its levels.
You visited the Abyss 1 time.

You collected 204 gold pieces.

Inventory:

Hand Weapons
 a - a +1 hand axe (weapon)
Armour
 c - a +0 plate armour (worn)
 e - a +1 buckler (worn)
Jewellery
 h - a ring of protection from magic (right hand)
 l - a ring of protection from magic (left hand)
Scrolls
 d - 2 scrolls of teleportation
 j - 2 scrolls of identify
 n - a scroll of fear
 q - a scroll of noise {unknown}
 r - a scroll of random uselessness {unknown}
Potions
 b - 2 potions of magic
 f - a potion of flight
 g - a potion of degeneration {unknown}
 i - a potion of resistance {unknown}
 k - a potion of mutation {unknown}
 m - a potion of curing {unknown}
 o - a potion of lignification {unknown}
 p - 2 potions of might {unknown}


   Skills:
 + Level 6.8 Fighting
 + Level 1.8 Short Blades
 + Level 1.8 Long Blades
 + Level 4.9 Axes
 + Level 1.8 Maces & Flails
 + Level 1.8 Polearms
 + Level 1.8 Staves
 + Level 1.8 Slings
 + Level 1.8 Bows
 + Level 1.8 Crossbows
 + Level 1.8 Throwing
 + Level 4.9 Armour
 + Level 3.1 Dodging
 + Level 1.8 Stealth
 + Level 1.8 Shields
 + Level 1.8 Unarmed Combat
 + Level 1.8 Spellcasting
 + Level 1.4 Conjurations
 + Level 1.4 Hexes
 + Level 1.4 Summonings
 + Level 1.4 Necromancy
 + Level 1.4 Translocations
 + Level 1.4 Transmutations
 + Level 1.4 Fire Magic
 + Level 1.4 Ice Magic
 + Level 1.4 Air Magic
 + Level 1.4 Earth Magic
 + Level 1.4 Poison Magic
 + Level 5.0 Invocations
 + Level 1.8 Evocations


You had 8 spell levels left.
You didn't know any spells.
Your spell library was empty.

Dungeon Overview and Level Annotations

Branches:
Dungeon (4/15)
 Temple: D:4-7

Altars:
Dithmenos
Ru


Innate Abilities, Weirdness & Mutations

Your experience applies equally to all skills.
You have very sharp teeth.
Your uncanny sense of smell can sniff out nearby items.


Message History

You hit the frilled lizard.
You kill the frilled lizard!
Lugonu accepts your kill.
You see here a frilled lizard corpse.
You see here a frilled lizard corpse.
There is a stone staircase leading down here.
You climb downwards.
The ogre hits you with a +0 giant club!
There is a stone staircase leading up, spattered with blood here.
You hit the ogre.
The ogre is moderately wounded.
The ogre hits you with a +0 giant club!
You hit the ogre but do no damage. You bite the ogre, but do no damage.
The ogre is moderately wounded.
The ogre hits you with a +0 giant club!
* * * LOW HITPOINT WARNING * * *
Your plate armour prevents you from hitting the ogre.
Your bite misses the ogre.
The ogre is moderately wounded.
The ogre hits you with a +0 giant club!
You die...

..........## ...........#
...........# ...........#
...........#
...........##########
....>..........#.....#
......................##
###...##.....@.........###
#... #....O............#
#.. #.(...............#
.... ##.................#
.........................#
##....##..............<..#
......................# .
.#..................#
....########.#########


You could see an ogre.

Vanquished Creatures
  2 orc wizards (D:3)
  A worker ant (D:3)
  4 gnolls (D:3)
  5 adders
  An adder skeleton (D:4)
  A worm (D:2)
  4 dart slugs
  4 leopard geckos
  2 orcs (D:3)
  2 giant cockroaches
  11 hobgoblins
  2 jackals (D:1)
  2 quokkas (D:3)
  7 bats
  8 frilled lizards
  10 goblins
  7 kobolds
  10 rats
83 creatures vanquished.

Notes
Turn   | Place    | Note
-------+----------+-------------------------------------------
     0 | Abyss:1  | Gargoyl the Gnoll Abyssal Knight began the quest for the
                  | Orb.
     0 | Abyss:1  | Reached XP level 1. HP: 23/23 MP: 3/3
    61 | Abyss:2  | Noticed a worldbinder
    64 | Abyss:2  | Noticed an ironheart preserver
    67 | Abyss:2  | Noticed a vault sentinel
    70 | D:1      | Escaped the Abyss
   344 | D:1      | Reached * piety under Lugonu
   344 | D:1      | Reached XP level 2. HP: 26/29 MP: 5/5
  1014 | D:1      | Reached XP level 3. HP: 35/35 MP: 6/6
  1269 | D:2      | Found a sacrificial altar of Ru.
  1515 | D:2      | Reached skill level 1 in Short Blades
  1515 | D:2      | Reached skill level 1 in Long Blades
  1515 | D:2      | Reached skill level 1 in Maces & Flails
  1515 | D:2      | Reached skill level 1 in Polearms
  1515 | D:2      | Reached skill level 1 in Staves
  1515 | D:2      | Reached skill level 1 in Slings
  1515 | D:2      | Reached skill level 1 in Bows
  1515 | D:2      | Reached skill level 1 in Crossbows
  1515 | D:2      | Reached skill level 1 in Throwing
  1515 | D:2      | Reached skill level 1 in Stealth
  1515 | D:2      | Reached skill level 1 in Shields
  1515 | D:2      | Reached skill level 1 in Unarmed Combat
  1515 | D:2      | Reached skill level 1 in Spellcasting
  1515 | D:2      | Reached skill level 1 in Evocations
  1531 | D:2      | Reached XP level 4. HP: 34/41 MP: 7/7
  1787 | D:2      | Reached ** piety under Lugonu
  1957 | D:3      | Reached skill level 1 in Conjurations
  1957 | D:3      | Reached skill level 1 in Hexes
  1957 | D:3      | Reached skill level 1 in Summonings
  1957 | D:3      | Reached skill level 1 in Necromancy
  1957 | D:3      | Reached skill level 1 in Translocations
  1957 | D:3      | Reached skill level 1 in Transmutations
  1957 | D:3      | Reached skill level 1 in Fire Magic
  1957 | D:3      | Reached skill level 1 in Ice Magic
  1957 | D:3      | Reached skill level 1 in Air Magic
  1957 | D:3      | Reached skill level 1 in Earth Magic
  1957 | D:3      | Reached skill level 1 in Poison Magic
  2109 | D:3      | Found a shadowy altar of Dithmenos.
  2359 | D:3      | Reached XP level 5. HP: 35/47 MP: 8/8
  3089 | D:3      | Reached skill level 5 in Invocations
  3106 | D:3      | Reached XP level 6. HP: 14/53 MP: 9/9
  3476 | D:4      | Slain by an ogre

Illustrated notes

Levels and vault maps discovered:
D:1:      lemuel_arrival_hallway, layout_basic, corner_web_ring, nrook_uturn
D:2:      minmay_spotlight, layout_basic, lemuel_statue_altar
D:3:      minmay_chambers_of_twos, layout_basic, moated_statue,
          nicolae_dithmenos_shadow_blocks
D:4:      layout_rooms, kennysheep_flooded_box, minmay_cupped

Skill      XL: |  1  2  3  4  5 |
---------------+----------------+-----
Short Blades   | 1 |  1.8
Long Blades    | 1 |  1.8
Maces & Flails | 1 |  1.8
Polearms       | 1 |  1.8
Staves         | 1 |  1.8
Slings         | 1 |  1.8
Bows           | 1 |  1.8
Crossbows      | 1 |  1.8
Throwing       | 1 |  1.8
Stealth        | 1 |  1.8
Shields        | 1 |  1.8
Unarmed Combat | 1 |  1.8
Spellcasting   | 1 |  1.8
Evocations     | 1 |  1.8
Conjurations   | 1 |  1.4
Hexes          | 1 |  1.4
Summonings     | 1 |  1.4
Necromancy     | 1 |  1.4
Translocations | 1 |  1.4
Transmutations | 1 |  1.4
Fire Magic     | 1 |  1.4
Ice Magic      | 1 |  1.4
Air Magic      | 1 |  1.4
Earth Magic    | 1 |  1.4
Poison Magic   | 1 |  1.4
Dodging        | 3 |  3.1
Invocations    | 5 |  5.0
Fighting       | |  6.8
Axes           | |  4.9
Armour         | |  4.9

Action                   |  1- 3 |  4- 6 || total
-------------------------+-------+-------++-------
Melee: Hand axe          |   105 |   143 ||   248
       Bite              |    14 |    15 ||    29
Invok: Depart the Abyss  |     1 |       ||     1
  Use: Scroll            |     6 |     3 ||     9
Armor: Plate armour      |    86 |   132 ||   218
Dodge: Dodged            |    24 |    38 ||    62
Block: Buckler           |    14 |    29 ||    43

Table legend: (Time is in decaauts)
 A = Elapsed time spent in this place.
 B = Non-inter-level travel time spent in this place.
 C = Inter-level travel time spent in this place.
 D = Time resting spent in this place.
 E = Time spent auto-exploring this place.
 F = Levels seen in this place.
 G = Mean time per level.
                   A        B        C        D        E       F      G
               +--------+--------+--------+--------+--------+-----+--------+
         Total |   3498 |   3442 |     56 |    647 |   2109 |   6 |  583.0 |
       Dungeon |   3428 |   3372 |     56 |    647 |   2064 |   4 |  857.0 |
         Abyss |     69 |     69 |      0 |      0 |     45 |   2 |   34.5 |
               +--------+--------+--------+--------+--------+-----+--------+

Top non-repeatable levels by time:
     D:3: 1556 daAuts
     D:1: 1094 daAuts
     D:2: 747 daAuts
 Abyss:1: 48 daAuts
     D:4: 29 daAuts
 Abyss:2: 21 daAuts
